 Dungeon Crawl Stone Soup version 0.29.1-1-gd02db6906a (webtiles) character file.

Game seed: 1313114156951345626

7466 Zeld the Cleaver (level 10, -3/93 HPs)
             Began as a Minotaur Berserker on Oct 6, 2022.
             Was an Elder of Trog.
             Slain by a troll (7 damage)
             ... on level 9 of the Dungeon.
             The game lasted 00:07:52 (11756 turns).

Zeld the Cleaver (Minotaur Berserker)              Turns: 11756, Time: 00:07:53

Health: -3/93      AC: 17    Str: 26    XL:     10   Next: 94%
Magic:  9/9        EV:  9    Int:  4    God:    Trog [****..]
Gold:   239        SH:  5    Dex: 10    Spells: 9/9 levels left

rFire   . . .      SeeInvis .   H - +4 hand axe (vorpal)
rCold   . . .      Faith    .   R - +2 buckler
rNeg    . . .      Spirit   .   b - +0 plate armour
rPois   +          Reflect  .   Q - +0 hat
rElec   .          Harm     .   s - +0 cloak
rCorr   +          Rampage  .   F - +0 pair of gloves
Will    .....                   (no boots)
Stlth   ..........              (no amulet)
HPRegen 0.25/turn               x - ring of poison resistance
MPRegen 0.11/turn               D - ring of resist corrosion

@: no status effects
A: horns 2, retaliatory headbutt
a: Renounce Religion, Berserk, Trog's Hand, Brothers in Arms


You were on level 9 of the Dungeon.
You worshipped Trog.
Trog was greatly pleased with you.
You visited 2 branches of the dungeon, and saw 10 of its levels.
You also visited: Bailey.

You collected 498 gold pieces.
You spent 259 gold pieces at shops.

Inventory:

Hand Weapons
 H - a +4 vorpal hand axe (weapon)
 I - a +0 broad axe
 K - a +0 broad axe
Missiles
 d - 11 poisoned darts (quivered)
 t - 4 javelins
 E - 6 boomerangs
 N - 2 boomerangs of dispersal
 O - a throwing net
Armour
 b - a +0 plate armour (worn)
 s - a +0 cloak (worn)
 F - a +0 pair of gloves (worn)
 Q - a +0 hat (worn)
 R - a +2 buckler (worn)
Jewellery
 x - a ring of poison resistance (left hand)
 D - a ring of resist corrosion (right hand)
Wands
 l - a wand of digging (4)
 A - a wand of flame (21)
 B - a wand of paralysis (12)
 L - a wand of light (7)
Scrolls
 e - 6 scrolls of fear
 f - 3 scrolls of blinking
 g - a scroll of vulnerability
 h - 5 scrolls of poison
 i - 2 scrolls of noise {unknown}
 k - 4 scrolls of immolation
 p - 5 scrolls of enchant weapon {unknown}
 q - 6 scrolls of teleportation
 r - a scroll of enchant armour {unknown}
 y - 2 scrolls of amnesia {unknown}
 J - a scroll of brand weapon {unknown}
 M - 3 scrolls of identify
 P - a scroll of magic mapping {unknown}
Potions
 a - a potion of experience {unknown}
 c - 7 potions of curing {unknown}
 j - 3 potions of might {unknown}
 m - 5 potions of flight {unknown}
 n - 3 potions of attraction {unknown}
 o - 4 potions of lignification {unknown}
 u - 2 potions of brilliance {unknown}
 v - a potion of mutation {unknown}
 w - 2 potions of cancellation {unknown}
 z - a potion of berserk rage {unknown}
 C - 2 potions of invisibility {unknown}
 G - 2 potions of haste


   Skills:
 + Level 9.8 Fighting
 * Level 13.2 Axes
 + Level 9.4 Armour
 + Level 8.6 Dodging


You had 9 spell levels left.
You didn't know any spells.
Your spell library was empty.

Dungeon Overview and Level Annotations

Branches:
Dungeon (9/15)             Temple (1/1) D:4             Orc (0/2) D:9
 Bailey (visited)
   Lair: D:8-11

Altars:
Ashenzari
Cheibriados
Dithmenos
Elyvilon
Fedhas
Gozag
Hepliaklqana
Kikubaaqudgha
Makhleb
Nemelex Xobeh
Okawaru
Ru
Sif Muna
Uskayaw
Vehumet
Wu Jian
Xom
Yredelemnul

Shops:
D:5 *   D:6 *

Annotations:
D:4 3 runed translucent doors, tardwrangler69's ghost, amateur OpEE


Innate Abilities, Weirdness & Mutations

You have a pair of horns on your head.
You reflexively headbutt those who attack you in melee.


Message History

The troll bites you. The troll claws you but does no damage.
The troll closely misses you.
The kobold demonologist gestures wildly while chanting.
Unknown command.
You barely miss the troll. Your headbutt misses the troll.
The troll is heavily wounded.
The troll bites you but does no damage.
The troll claws you but does no damage. x2
You hit the troll but do no damage.
The troll is heavily wounded.
You hit the kobold demonologist but do no damage.
Unknown command.
You hit the troll.
The troll is heavily wounded.
You barely miss the kobold demonologist.
The troll bites you but does no damage. The troll claws you.
The troll claws you!
The kobold demonologist hits you with a +0 dagger.
Unknown command.
The kobold demonologist attacks as you move away!
The kobold demonologist closely misses you.
You furiously retaliate!
You headbutt the kobold demonologist. The troll attacks as you move away!
The troll bites you but does no damage. The troll barely misses you.
The troll claws you but does no damage. The troll attacks as you move away!
The troll bites you! The troll claws you! x2
* * * LOW HITPOINT WARNING * * *
The kobold demonologist casts a spell.
You fail to use your ability.
The troll bites you but does no damage. The troll claws you.
* * * LOW HITPOINT WARNING * * *
The troll claws you but does no damage.
The tengu conjurer gestures at you while chanting.
The bolt of lightning misses you.
Your ogre goes berserk!
Trog will no longer gift you weapons. The troll bites you!
* * * LOW HITPOINT WARNING * * *
The troll claws you.
* * * LOW HITPOINT WARNING * * *
The troll claws you!
You die...

#...#.....#.##.# .####.#
.###...#...#.#.##.##.......
.......##.#..............
............##.#.†.....$.
#..............# ..#
#.#.##...##.##)##..#
.###.#.##...##.#.).g55#
.......##...##.##T##).#
................@.# .Q#
.###.####...#...#....C..
.###.####...#.O.+..Q..#.#
............#...#...#.#.#
...........######...#.# #
......................#
.########...#####.####
............# ## ..
............# .


You could see a cyclops, a troll (ally target), a tengu conjurer, a gnoll bouda
and a friendly ogre (summoned, berserk).

Vanquished Creatures
  2 vault guards (Bailey)
  Prince Ribbit (Bailey)
  Sigmund (D:4)
  5 humans (Bailey)
  3 water moccasins
  3 black bears
  An ice beast (D:7)
  7 orc warriors
  4 sky beasts
  2 ogres (D:5)
  4 centaurs
  A phantom (D:7)
  17 bullfrogs
  2 gnoll sergeants
  2 scorpions
  3 wights (D:8)
  6 killer bees (D:8)
  6 howler monkeys
  A hound (D:6)
  6 orc priests
  A jelly (D:6)
  A gnoll bouda (D:8)
  Jessica (D:3)
  3 iguanas
  12 orc wizards
  9 adders
  12 gnolls
  2 white imps
  3 ufetubi
  2 worms
  3 dart slugs
  35 orcs
  9 endoplasms
  9 goblins
  5 hobgoblins
  6 quokkas
  5 ball pythons
  7 bats
  4 frilled lizards
  4 kobolds
  6 rats
216 creatures vanquished.

Vanquished Creatures (others)
  4 plants (D:1)
4 creatures vanquished.

Grand Total: 220 creatures vanquished

Notes
Turn   | Place    | Note
-------+----------+-------------------------------------------
     0 | D:1      | Zeld the Minotaur Berserker began the quest for the Orb.
     0 | D:1      | Reached XP level 1. HP: 19/19 MP: 0/0
    99 | D:1      | Reached XP level 2. HP: 21/27 MP: 1/1
   219 | D:1      | Reached skill level 4 in Axes
  1174 | D:1      | Reached XP level 3. HP: 29/33 MP: 2/2
  1365 | D:2      | Reached ** piety under Trog
  1910 | D:2      | Identified the +0 helmet of a Labyrinth {rPois rN+ Regen+
                  | Str-3}
  2353 | D:3      | Reached XP level 4. HP: 40/40 MP: 3/3
  2733 | D:3      | Noticed Jessica
  2742 | D:3      | Killed Jessica
  2783 | D:3      | Reached skill level 5 in Axes
  3233 | D:4      | Noticed tardwrangler69's ghost (amateur OpEE)
  3241 | D:4      | Found a runed translucent gate.
  3241 | D:4      | Found a runed translucent gate.
  3243 | D:4      | Found a runed translucent gate.
  3372 | D:4      | Reached XP level 5. HP: 45/47 MP: 4/4
  3560 | D:4      | Found a staircase to the Ecumenical Temple.
  3574 | D:4      | Reached *** piety under Trog
  3593 | Temple   | Entered the Ecumenical Temple
  3827 | D:4      | Noticed Sigmund
  3837 | D:4      | Killed Sigmund
  3838 | D:4      | Reached skill level 5 in Fighting
  3838 | D:4      | Reached skill level 6 in Axes
  3838 | D:4      | Reached XP level 6. HP: 47/56 MP: 5/5
  4075 | D:5      | Entered Level 5 of the Dungeon
  4534 | D:5      | Reached XP level 7. HP: 49/61 MP: 6/6
  4699 | D:5      | Reached skill level 7 in Axes
  4867 | D:5      | Reached skill level 5 in Armour
  5301 | D:5      | Found Ceceopn's Assorted Antiques.
  5304 | D:5      | Bought a murky orange potion for 20 gold pieces
  5304 | D:5      | Bought a scroll labelled CUUBOTYFIZE for 23 gold pieces
  5304 | D:5      | Bought a tapered wooden wand for 92 gold pieces
  5304 | D:5      | Bought 2 fuming silvery potions for 41 gold pieces
  5304 | D:5      | Bought a scroll labelled ZIUW HYULO for 23 gold pieces
  5633 | D:6      | Reached XP level 8. HP: 46/70 MP: 7/7
  5639 | D:6      | Reached skill level 8 in Axes
  5639 | D:6      | Reached skill level 5 in Dodging
  6374 | D:6      | Found Toptanoi's Assorted Antiques.
  6441 | D:6      | Bought a scroll labelled ECAKLA PONIOR for 30 gold pieces
  6441 | D:6      | Bought a scroll labelled LURULO EFEEM for 30 gold pieces
  6827 | D:6      | Reached skill level 9 in Axes
  7003 | D:7      | Reached XP level 9. HP: 39/79 MP: 8/8
  7166 | D:7      | Reached **** piety under Trog
  7273 | D:7      | Found a runed translucent door.
  7298 | D:7      | Found a flagged portal.
  7307 | Bailey   | Entered a bailey
  7414 | Bailey   | Reached skill level 10 in Axes
  8277 | Bailey   | Reached skill level 11 in Axes
  8612 | Bailey   | Noticed Prince Ribbit
  8612 | Bailey   | Noticed a vault guard
  8619 | Bailey   | Killed Prince Ribbit
  8624 | Bailey   | Killed a vault guard
  8625 | Bailey   | Reached XP level 10. HP: 90/90 MP: 9/9
  8661 | Bailey   | Noticed a vault guard
  8679 | Bailey   | Killed a vault guard
  8680 | Bailey   | Reached skill level 12 in Axes
  9410 | D:7      | Found a broken altar of Ashenzari.
 11155 | D:8      | Reached ***** piety under Trog
 11164 | D:8      | Reached skill level 13 in Axes
 11590 | D:9      | Found a staircase to the Orcish Mines.
 11739 | D:9      | Received a gift from Trog
 11745 | D:9      | Noticed a cyclops
 11756 | D:9      | HP: 4/93 [troll (4)]
 11756 | D:9      | Slain by a troll

Illustrated notes

Levels and vault maps discovered:
D:1:      eino_arrival_water_cross, layout_loops_corners, serial_forest,
          infiniplex_forest_split, infiniplex_forest_diagonal,
          infiniplex_forest_end_1, infiniplex_forest_lined_2,
          infiniplex_forest_end_2, infiniplex_forest_clump_long
D:2:      layout_loops_ring
D:3:      layout_loops_ring, hex_large, minmay_box_of_dots, uniq_jessica
D:4:      layout_basic, minmay_temple_entry_stoned_glass, gammafunk_ghost_split,
          uniq_sigmund
D:5:      layout_layer_cave, serial_shops, nicolae_shop_behind_doors
D:6:      layout_basic, serial_shops, nicolae_shop_overgrown_old_shop
D:7:      layout_basic, mainiacjoe_overflow_alcove_4, enter_bailey_2,
          lightli_church_of_beogh
D:8:      layout_loops_corners
D:9:      minmay_the_grid_plus [minmay_the_grid_minigrid_large,
          minmay_the_grid_spin_star, minmay_the_grid_small_cups,
          minmay_the_grid_diamond_grid, minmay_the_grid_prize_inner_circle],
          layout_basic, minmay_orc_entry_temple_small
Temple:   bh_familiar_temple

Skill      XL: |  1  2  3  4  5  6  7  8  9 10 |
---------------+-------------------------------+-----
Axes           | 4 5 6 7 9 11 13 | 13.2
Fighting       | 4 5 6 7 8 9 |  9.8
Armour         | 3 4 5 6 8 9 |  9.4
Dodging        | 3 4 6 7 8 |  8.6

Action                   |  1- 3 |  4- 6 |  7- 9 | 10-12 || total
-------------------------+-------+-------+-------+-------++-------
Melee: Hand axe          |   102 |    94 |   113 |   230 ||   539
       Headbutt          |    23 |    13 |    51 |    27 ||   114
       Punch             |     1 |       |       |     3 ||     4
       War axe           |       |       |   121 |       ||   121
Invok: Berserk           |       |       |     2 |     1 ||     3
       Trog's Hand       |       |       |     1 |       ||     1
       Brothers in Arms  |       |       |       |     1 ||     1
  Use: Scroll            |       |       |     6 |       ||     6
 Stab: Sleeping          |     1 |       |       |       ||     1
Armor: Animal skin       |    11 |     4 |       |       ||    15
       Plate armour      |       |    56 |   141 |   115 ||   312
Dodge: Dodged            |    49 |    44 |   109 |    82 ||   284
Block: Buckler           |       |       |       |    14 ||    14
